 Dungeon Crawl Stone Soup version 0.29-a0-184-g2ef5e920f0 (webtiles) character file.

Game seed: 1875075867272002802

68 Murumi the Shield-Bearer (level 4, -7/37 HPs)
             Began as a Formicid Fighter on Feb 21, 2022.
             Mangled by an ogre (12 damage)
             ... on level 3 of the Dungeon.
             The game lasted 00:06:53 (1870 turns).

Murumi the Shield-Bearer (Formicid Fighter)         Turns: 1870, Time: 00:06:53

Health: -7/37      AC: 10    Str: 21    XL:     4   Next: 41%
Magic:  4/4        EV:  7    Int:  9    God:
Gold:   152        SH:  5    Dex: 12    Spells: 3/3 levels left

rFire   . . .      SeeInvis +   a - +0 morningstar
rCold   . . .      Faith    .   c - +0 buckler
rNeg    . . .      Spirit   .   e - +0 chain mail
rPois   .          Reflect  .   (helmet unavailable)
rElec   .          Harm     .   (no cloak)
rCorr   +          Rampage  .   (no gloves)
Will    .....                   k - +0 pair of boots
Stlth   ..........              (no amulet)
HPRegen 0.12/turn               i - ring "Ryibin" {rCorr SInv}
MPRegen 0.09/turn               (no ring)

@: mighty
A: permanent stasis, dig shafts and tunnels, antennae 3, four strong arms, agile
1, high MP 1
a: Dig, Shaft Self


You were on level 3 of the Dungeon.
You visited 1 branch of the dungeon, and saw 3 of its levels.

You collected 152 gold pieces.

Inventory:

Hand Weapons
 a - a +0 morningstar (weapon)
 f - a +0 shortbow
Armour
 c - a +0 buckler (worn)
 e - a +0 chain mail (worn)
 k - a +0 pair of boots (worn)
Jewellery
 i - the ring "Ryibin" (left hand) {rCorr SInv}
   (You found it on level 2 of the Dungeon)

   [ring of see invisible]

   SInv:      It lets you see invisible.
   rCorr:     It protects you from acid and corrosion.
Potions
 b - a potion of curing
 g - 2 potions of flight
 h - a potion of mutation
 j - a potion of lignification


   Skills:
 - Level 4.0 Fighting
 + Level 2.0 Maces & Flails
 - Level 4.0 Armour
 - Level 1.0 Dodging
 - Level 2.0 Stealth
 - Level 4.0 Shields


You had 3 spell levels left.
You didn't know any spells.
Your spell library was empty.

Dungeon Overview and Level Annotations

Branches:
Dungeon (3/15)

Altars:


Innate Abilities, Weirdness & Mutations

You cannot be hasted, slowed, berserked, paralysed or teleported.
You can dig through walls and to a lower floor.
You have a pair of large antennae on your head. (SInv)
Your four strong arms can wield two-handed weapons with a shield.
You are agile. (Dex +2)
You have an increased reservoir of magic. (+10% MP)


Message History

You completely miss the rat. The rat bites you but does no damage.
You hit the rat but do no damage. You block the rat's attack.
The rat bites you but does no damage.
You completely miss the rat. You block the rat's attack.
You puncture the rat!
You kill the rat!
f - a +0 shortbow (weapon)
You climb upwards.
There is a stone staircase leading down here.
There is a stone staircase leading down here.
You climb downwards.
The ogre shouts!
You hear an angry hiss.
Found a scroll of teleportation.
There is a stone staircase leading up here.
You shoot an arrow. The arrow hits the ogre.
The ogre is lightly wounded.
a - a +0 morningstar (weapon)
The ogre barely misses you.
You puncture the ogre!
The ogre is moderately wounded.
The ogre hits you with a +0 giant club!
You puncture the ogre!
The ogre is heavily wounded.
A ball python comes into view.
The ogre barely misses you.
The ball python hisses angrily.
You hit the ogre.
The ogre is severely wounded.
The ogre barely misses you.
You hit the ogre.
The ogre is severely wounded.
A bat comes into view.
The ogre hits you with a +0 giant club!!
Ouch! That really hurt!
* * * LOW HITPOINT WARNING * * *
A hobgoblin comes into view.
It is wearing the +4 ring mail of Evolution {Dex+7}.
The bat moves out of view.
You feel very mighty all of a sudden. The ogre hits you with a +0 giant club!
You die...

..#.....g#
#. ......# .
........##..
.#....?....
..........
#.S.......
#.........
#.@O......
####.##### #


You could see an ogre, a hobgoblin and a ball python.

Vanquished Creatures
  An adder (D:2)
  A gnoll (D:1)
  4 dart slugs
  3 endoplasms (D:2)
  2 giant cockroaches
  2 goblins
  3 hobgoblins (D:1)
  A jackal (D:2)
  6 quokkas
  3 ball pythons
  4 frilled lizards
  5 kobolds
  4 rats
39 creatures vanquished.

Notes
Turn   | Place    | Note
-------+----------+-------------------------------------------
     0 | D:1      | Murumi the Formicid Fighter began the quest for the Orb.
     0 | D:1      | Reached XP level 1. HP: 18/18 MP: 1/1
    36 | D:1      | Reached XP level 2. HP: 24/24 MP: 2/2
   140 | D:1      | Reached XP level 3. HP: 30/30 MP: 3/3
   157 | D:1      | Found a faded altar of an unknown god.
   398 | D:1      | Gained mutation: You are agile. (Dex +2) [potion of
                  | mutation]
   398 | D:1      | Gained mutation: You have an increased reservoir of magic.
                  | (+10% MP) [potion of mutation]
  1188 | D:2      | Reached skill level 1 in Stealth
  1221 | D:2      | Identified the ring "Ryibin" {rCorr SInv}
  1280 | D:2      | Reached skill level 1 in Dodging
  1280 | D:2      | Reached XP level 4. HP: 37/37 MP: 4/4
  1863 | D:3      | Noticed an ogre
  1869 | D:3      | Identified the +4 ring mail of Evolution {Dex+7}
  1870 | D:3      | Mangled by an ogre

Illustrated notes

Levels and vault maps discovered:
D:1:      lemuel_arrival_broad_hall, layout_basic,
          hellmonk_ecumenical_altar_lost_god
D:2:      minmay_general_purpose_star, layout_loops_corners
D:3:      layout_rooms, general_overflow_altar, minivault_24, minivault_26

Skill      XL: |  1  2  3  4 |
---------------+-------------+-----
Shields        | 4 |  4.0
Fighting       | 4 |  4.0
Armour         | 4 |  4.0
Stealth        | 1 2 |  2.0
Dodging        | 1 |  1.0
Maces & Flails | |  2.0

Action                   |  1- 3 |  4- 6 || total
-------------------------+-------+-------++-------
Melee: Flail             |    42 |    18 ||    60
       Morningstar       |       |    14 ||    14
 Fire: Shortbow          |    31 |    14 ||    45
 Abil: Dig               |     1 |       ||     1
  Use: Scroll            |     6 |     1 ||     7
       Potion            |     1 |     1 ||     2
Armor: Scale mail        |     1 |       ||     1
       Chain mail        |    18 |    15 ||    33
Dodge: Dodged            |    23 |    17 ||    40
Block: Buckler           |     8 |     9 ||    17

Table legend: (Time is in decaauts)
 A = Elapsed time spent in this place.
 B = Non-inter-level travel time spent in this place.
 C = Inter-level travel time spent in this place.
 D = Time resting spent in this place.
 E = Time spent auto-exploring this place.
 F = Levels seen in this place.
 G = Mean time per level.
                   A        B        C        D        E       F      G
               +--------+--------+--------+--------+--------+-----+--------+
         Total |   1923 |   1740 |    183 |     67 |   1289 |   3 |  641.0 |
       Dungeon |   1923 |   1740 |    183 |     67 |   1289 |   3 |  641.0 |
               +--------+--------+--------+--------+--------+-----+--------+

Top non-repeatable levels by time:
     D:2: 1019 daAuts
     D:1: 883 daAuts
     D:3: 20 daAuts
